 Dungeon Crawl Stone Soup version 0.29.1-15-g9cfb28693d (webtiles) character file.

Game seed: 12268021473487939642

140 growler the Insei (level 5, -1/37 HPs)
             Began as a Merfolk Transmuter on Mar 24, 2023.
             Slain by a scorpion (6 damage)
             ... on level 4 of the Dungeon.
             The game lasted 00:07:16 (3574 turns).

growler the Insei (Merfolk Transmuter)              Turns: 3574, Time: 00:07:17

Health: -1/37      AC:  2    Str: 10    XL:     5   Next: 23%
Magic:  9/9        EV: 12    Int: 14    God:
Gold:   90         SH:  0    Dex: 15    Spells: 4/10 levels left

rFire   . . .      SeeInvis .     - Unarmed
rCold   . . .      Faith    .   (no shield)
rNeg    . . .      Spirit   .   a - +0 robe
rPois   .          Reflect  .   (no helmet)
rElec   .          Harm     .   (no cloak)
rCorr   .          Rampage  .   (no gloves)
Will    .....                   (no boots)
Stlth   +.........              (no amulet)
HPRegen 0.12/turn               (no ring)
MPRegen 0.11/turn               (no ring)

@: no status effects
A: (nimble swimmer 2), mertail
a: no special abilities


You were on level 4 of the Dungeon.
You visited 1 branch of the dungeon, and saw 4 of its levels.

You collected 90 gold pieces.

Inventory:

Armour
 a - a +0 robe (worn)
Scrolls
 f - 3 scrolls of identify
 h - a scroll of vulnerability {unknown}
 i - a scroll of blinking {unknown}
 j - 2 scrolls of teleportation
 k - 3 scrolls of enchant weapon {unknown}
 l - a scroll of magic mapping {unknown}
 n - a scroll of enchant armour {unknown}
 o - a scroll of summoning {unknown}
 p - a scroll of noise {unknown}
Potions
 b - 3 potions of curing
 c - a potion of ambrosia {unknown}
 d - 2 potions of heal wounds {unknown}
 e - a potion of berserk rage {unknown}
 g - 3 potions of brilliance
 m - 2 potions of flight {unknown}
 q - a potion of magic {unknown}


   Skills:
 - Level 1.1 Fighting
 - Level 2.6 Dodging
 + Level 5.1 Unarmed Combat
 - Level 3.0 Spellcasting
 - Level 4.0 Transmutations


You had 4 spell levels left.
You knew the following spells:

 Your Spells              Type           Power      Damage    Failure   Level
a - Beastly Appendage     Tmut           26%        N/A       4%          1
b - Wereblood             Tmut           13%        N/A       6%          2
c - Spider Form           Tmut/Pois      7%         N/A       28%         3

Your spell library contained the following spells:

 Spells                   Type           Power      Damage    Failure   Level
 Apportation              Tloc           4%         N/A       22%         1
 Necrotise                Necr           8%         1d4       22%         1
 Summon Small Mammal      Summ           8%         N/A       22%         1
 Ozocubu's Armour         Ice            2%         N/A       54%         3
 Ice Form                 Ice/Tmut       7%         N/A       67%         4
 Metabolic Englaciation   Hex/Ice        1%         N/A       99%         5
 Simulacrum               Ice/Necr       1%         N/A       100%        6


Dungeon Overview and Level Annotations

Branches:
Dungeon (3/15)

Altars:
Elyvilon
Fedhas
Nemelex Xobeh
Sif Muna
Uskayaw

Portals:
Abyss: D:3

Annotations:
D:3 2 transporters, THTSBRD's ghost, amateur FoHu


Innate Abilities, Weirdness & Mutations

((You are very nimble when in or above water. (Stealth+, EV+, Speed+++)))
Your lower body shifts to a powerful aquatic tail in water.


Message History

You hit the worm. You headbutt the worm.
You kill the worm!
The endoplasm closely misses you.
You closely miss the kobold.
You hear the brisk hiss of a very distant avalanche of sand.
The kobold hits you but does no damage. The endoplasm hits you.
You hit the kobold.
The kobold is severely wounded.
The kobold drinks a potion.
The kobold is healed!
The endoplasm closely misses you.
You barely miss the endoplasm. You headbutt the endoplasm.
The endoplasm is almost dead.
The endoplasm freezes you.
You are frozen.
The kobold hits you with a +0 short sword.
You barely miss the endoplasm. You headbutt the endoplasm.
You kill the endoplasm!
The kobold misses you.
You hit the kobold.
You kill the kobold!
You closely miss the scorpion.
Your horns disappear.
The scorpion stings you. x2
* * * LOW HITPOINT WARNING * * *
Unknown command.
You hit the scorpion.
The scorpion is moderately wounded.
The scorpion stings you but does no damage.
You closely miss the scorpion.
The scorpion is moderately wounded.
The scorpion stings you.
* * * LOW HITPOINT WARNING * * *
You are lethally poisoned!
The scorpion poisons you!
You feel better. The scorpion stings you.
* * * LOW HITPOINT WARNING * * *
You hit the scorpion but do no damage.
The scorpion is moderately wounded.
The scorpion stings you.
You die...

### ..# #.# #.# #.#
#### #.#
....#+#####.#####.##
#......@s.........
#.....####.####.##
#....[# ..# #.....#
...# #.....#..[.#
.........#.....
.........#....#
.....#....#....#
.>...#.....


You could see a scorpion.

Vanquished Creatures
  A howler monkey (D:4)
  4 adders
  2 worms
  3 dart slugs (D:1)
  2 orcs (D:3)
  5 ball pythons
  5 bats
  6 endoplasms
  5 goblins
  3 hobgoblins
  6 jackals (D:1)
  7 kobolds
  A quokka (D:3)
  A frilled lizard (D:2)
  3 rats
54 creatures vanquished.

Notes
Turn   | Place    | Note
-------+----------+-------------------------------------------
     0 | D:1      | growler the Merfolk Transmuter began the quest for the Orb.
     0 | D:1      | Reached XP level 1. HP: 15/15 MP: 3/3
   272 | D:1      | Reached XP level 2. HP: 11/21 MP: 3/5
   349 | D:1      | Learned a level 2 spell: Wereblood
   755 | D:1      | Reached XP level 3. HP: 25/26 MP: 4/6
   759 | D:1      | Learned a level 3 spell: Spider Form
   877 | D:1      | Found a faded altar of an unknown god.
  1927 | D:2      | Reached skill level 4 in Unarmed Combat
  2007 | D:2      | Reached XP level 4. HP: 31/32 MP: 3/8
  2453 | D:3      | Found a transporter.
  2461 | D:3      | Noticed a toenail golem
  2462 | D:3      | Noticed a kobold brigand
  2467 | D:3      | Found a one-way gate to the infinite horrors of the Abyss.
  2468 | D:3      | Noticed THTSBRD's ghost (amateur FoHu)
  2477 | D:3      | Noticed a small abomination
  2773 | D:3      | Found a white marble altar of Elyvilon.
  2777 | D:3      | Found a hide-covered altar of Uskayaw.
  2814 | D:3      | Found a shimmering blue altar of Sif Muna.
  2820 | D:3      | Found a blossoming altar of Fedhas.
  2823 | D:3      | Found a sparkling altar of Nemelex Xobeh.
  2932 | D:3      | Found a transporter.
  3035 | D:3      | Noticed a small abomination
  3208 | D:3      | You fall into a shaft and drop 1 floor!
  3559 | D:4      | Reached skill level 5 in Unarmed Combat
  3559 | D:4      | Reached XP level 5. HP: 25/37 MP: 9/9
  3574 | D:4      | Slain by a scorpion

Illustrated notes

Levels and vault maps discovered:
D:1:      dpeg_arrival_triangle_fractal, layout_loops_corners,
          chequers_ecumenical_altar_simple
D:2:      wander_river, layout_rooms
D:3:      layout_loops_corners, minmay_overflow_temple_star_hex,
          gammafunk_ghost_abyssal_escape, minmay_close_crescents
D:4:      layout_basic, nicolae_hepliaklqana_monster_ancestors, enter_ossuary_4

Skill      XL: |  1  2  3  4 |
---------------+-------------+-----
Transmutations | 3 4 |  4.0
Unarmed Combat | 4 5 |  5.1
Spellcasting   | 3 |  3.0
Fighting       | |  1.1
Dodging        | |  2.6

Action                   |  1- 3 |  4- 6 || total
-------------------------+-------+-------++-------
Melee: Unarmed           |   115 |    71 ||   186
       Headbutt          |     9 |    15 ||    24
       Punch             |     1 |     2 ||     3
 Cast: Beastly Appendage |    25 |    12 ||    37
       Wereblood         |     2 |     1 ||     3
  Use: Potion            |     1 |     1 ||     2
       Scroll            |       |     2 ||     2
 Stab: Sleeping          |     2 |       ||     2
Armor: Robe              |    30 |     8 ||    38
       Skin              |    10 |       ||    10
Dodge: Dodged            |    83 |    45 ||   128
